AoeStats
← Jan Itor

Arena

509331061Analyzed
4v4 RM · 7d ago on Sep 26, 2026· 32m 16s· 8 players
Game mode
Random Map
Map size
Large (8 player)
Population
200
Speed
Normal
Resources
Standard
Victory
Conquest
Starting age
Dark Age
Ending age
Imperial Age
RankedLock teamsTeams togetherTeam positionsShared explorationLock speedFull tech treeHidden civsTurbo modeCheats
Victory
Defeat
🇩🇪 Goths · Germany
2269
+2
🇦🇺 Wei · Australia
1906
+7
🇬🇧 Italians · United Kingdom
1827
+10
🇳🇿 Turks · New Zealand
1725
+14
🇩🇪 Slavs · Germany
1820
-12
🇹🇼 Dravidians · Taiwan
1757
-9
🇪🇸 Saracens · Spain
1703
-7
🇦🇺 Lithuanians · Australia
1610
-5
theMole
10:11 Feudal Age
11:39 Double-Bit Axe
14:01 Castle Age
11:50 Horse Collar
15:11 Bow Saw
15:07 Heavy Plow
20:07 Wheelbarrow
21:53 Hand Cart
26:44 Imperial Age
24:23 Fletching
25:01 Ballistics
24:30 Loom
24:49 Stone Mining
24:49 Gold Mining
25:20 Bodkin Arrow
25:44 Padded Archer Armor
26:49 Thumb Ring
28:07 Bracer
29:08 Chemistry
28:03 Elite Genoese Crossbowman
30:04 Leather Archer Armor
30:04 Masonry
30:35 Conscription
30:58 Silk Road
32:35 Ring Archer Armor
NOC | Terz
10:13 Feudal Age
14:13 Castle Age
12:17 Double-Bit Axe
12:27 Horse Collar
15:07 Heavy Plow
15:18 Bow Saw
15:59 Wheelbarrow
21:06 Wheelbarrow
20:57 Gold Mining
22:20 Hand Cart
26:47 Imperial Age
24:51 Scale Mail Armor
25:02 Forging
24:43 Loom
26:06 Chain Mail Armor
25:52 Squires
28:32 Chemistry
28:23 Iron Casting
30:18 Blast Furnace
29:31 Capped Ram
31:37 Man-at-Arms
flightlessbird
11:38 Feudal Age
12:19 Double-Bit Axe
12:16 Horse Collar
15:17 Castle Age
16:46 Bow Saw
17:21 Wheelbarrow
23:58 Hand Cart
23:31 Loom
27:54 Imperial Age
25:23 Town Watch
27:12 Fletching
27:40 Thumb Ring
27:37 Padded Archer Armor
28:05 Bodkin Arrow
28:36 Sipahi
28:49 Ballistics
29:24 Bracer
30:08 Parthian Tactics
31:01 Heavy Cavalry Archer
Timbrhoggvandi
10:30 Feudal Age
11:14 Double-Bit Axe
14:04 Castle Age
11:55 Horse Collar
15:04 Bow Saw
14:44 Horse Collar
18:49 Loom
19:41 Fletching
27:24 Heavy Plow
32:11 Wheelbarrow
(PNG)Ludovicum95
10:14 Feudal Age
14:11 Castle Age
12:12 Double-Bit Axe
15:40 Bow Saw
17:19 Stone Mining
17:29 Loom
19:57 Scale Barding Armor
21:40 Horse Collar
25:51 Chain Barding Armor
28:31 Forging
eimer6174
10:31 Feudal Age
14:00 Castle Age
12:32 Double-Bit Axe
12:31 Horse Collar
15:23 Wheelbarrow
15:01 Bow Saw
21:39 Gold Mining
22:09 Hand Cart
22:24 Stone Mining
22:31 Loom
22:32 Town Watch
26:19 Imperial Age
25:36 Padded Archer Armor
25:27 Fletching
26:00 Ballistics
27:08 Thumb Ring
28:06 Chemistry
27:50 Bodkin Arrow
28:10 Leather Archer Armor
27:33 Heavy Cavalry Archer
27:52 Crossbowman
28:36 Bracer
29:31 Ballistics
29:36 Bloodlines
29:27 Husbandry
31:32 Elite Skirmisher
2KM1
10:43 Feudal Age
10:24 Loom
14:25 Castle Age
12:15 Double-Bit Axe
12:14 Horse Collar
15:40 Bow Saw
19:52 Wheelbarrow
22:18 Loom
24:15 Hand Cart
23:47 Town Watch
26:58 Heavy Plow
Jan Itor
11:37 Feudal Age
12:14 Horse Collar
12:31 Double-Bit Axe
15:17 Castle Age
16:10 Heavy Plow
16:20 Bow Saw
21:25 Wheelbarrow
27:13 Imperial Age
25:32 Hand Cart
25:04 Loom
26:35 Gold Mining
26:36 Stone Mining
26:33 Town Watch
27:12 Masonry
28:37 Scale Barding Armor
28:21 Man-at-Arms
29:01 Squires
29:02 Scale Mail Armor
29:12 Forging
30:33 Two-Man Saw
29:52 Forging
29:03 Long Swordsman
30:36 Gold Shaft Mining
30:30 Chain Mail Armor
30:01 Two-Handed Swordsman
31:56 Iron Casting
31:52 Plate Mail Armor
32:08 Conscription
31:36 Onager
Connection lost

Rejoining the realm…

Still unreachable

The connection could not be restored.

Session expired

The server has moved on; the page needs a fresh start.